 Dungeon Crawl Stone Soup version 0.18.1-50-g88ac8fd (webtiles) character file.

1833 varam the Grappler (level 8, -2/83 HPs)
             Began as a Troll Monk on Oct 22, 2016.
             Was a Priest of Okawaru.
             Slain by an orc warrior
             ... wielding a +0 short sword
              (13 damage)
             ... on level 7 of the Dungeon.
             The game lasted 00:12:02 (5851 turns).

varam the Grappler (Troll Monk)                     Turns: 5851, Time: 00:12:03

Health: -2/83      AC:  6    Str: 20    XL:     8   Next: 86%
Magic:  14/16      EV: 16    Int:  2    God:    Okawaru [***...]
Gold:   329        SH:  0    Dex: 14    Spells: 0 memorised, 7 levels left

rFire  . . .     SeeInvis .       - Unarmed
rCold  . . .     Gourm    +     a - +0 robe
rNeg   + + .     Faith    .     (no shield)
rPois  .         Spirit   .     (helmet restricted)
rElec  .         Dismiss  .     q - +0 cloak of Guys {rN++ MP+9 Int-4 Stlth+}
rCorr  .         Reflect  .     (gloves unavailable)
SustAt .         Harm     .     (boots unavailable)
MR     .....                    (no amulet)
Stlth  +++.......               (no ring)
                                (no ring)

@: heroism, not resistant to hostile enchantments, fairly stealthy
A: unfitting armour, claws 3, fast metabolism 3, gourmand, regeneration 2,
shaggy fur 1, tough skin 2
a: Heroism, Renounce Religion


You were on level 7 of the Dungeon.
You worshipped Okawaru.
Okawaru was most pleased with you.
You were not hungry.

You visited 2 branches of the dungeon, and saw 8 of its levels.
You also visited: Ossuary.

You collected 329 gold pieces.

Inventory:

Hand Weapons
 p - a +2 dagger of venom
 r - a +0 dagger of freezing
Armour
 a - a +0 robe (worn)
 q - the +0 cloak of Guys (worn) {rN++ MP+9 Int-4 Stlth+}
   (You found it on level 4 of the Dungeon)

   It affects your intelligence (-4).
   It greatly protects you from negative energy.
   It affects your magic capacity (+9).
   It makes you more stealthy.
Jewellery
 c - an uncursed ring of stealth {unknown}
 s - an uncursed ring of fire {unknown}
 u - an uncursed ring of protection from fire {unknown}
 y - an uncursed ring of protection from cold {unknown}
 D - an uncursed amulet of faith {unknown}
Wands
 z - a wand of polymorph (9/24)
Scrolls
 d - a scroll of fear {unknown}
 e - 7 scrolls of identify {@r1}
 h - a scroll of amnesia {unknown}
 i - 2 scrolls of recharging {unknown}
 j - a scroll of noise {unknown}
 k - a scroll of magic mapping {unknown}
 n - 6 scrolls of remove curse {@r2}
 o - 2 scrolls of fog {unknown}
 t - a scroll of immolation {unknown}
 C - a scroll of enchant armour {unknown}
 F - 3 scrolls of holy word {unknown}
 G - 2 scrolls of random uselessness {unknown}
 H - a scroll of teleportation {unknown}
Potions
 g - 6 potions of curing {unknown}
 m - 2 potions of flight {unknown}
 v - a potion of mutation {unknown}
 x - 3 potions of haste {unknown}
 B - a potion of might {unknown}
 E - 3 potions of heal wounds {unknown}
 I - 2 potions of ambrosia {unknown}
Books
 A - a book of Beasts

   Spells                             Type                      Level
   a - Summon Butterflies             Summoning                    1
   b - Call Canine Familiar           Summoning                    3
   c - Summon Ice Beast               Ice/Summoning                4
   d - Summon Mana Viper              Hexes/Summoning              5
   e - Summon Hydra                   Summoning                    7
Comestibles
 b - 4 bread rations
 f - 5 beef jerkies
 l - 2 meat rations
 w - 2 fruits


   Skills:
 + Level 5.8(10.8) Fighting
 + Level 6.0(11.0) Dodging
 - Level 1.1(6.1) Stealth
 - Level 8.0(13.0) Unarmed Combat


You had 7 spell levels left.
You didn't know any spells.

Dungeon Overview and Level Annotations

Branches:
Dungeon (7/15)             Temple (1/1) D:5

Altars:
Ashenzari
Cheibriados
Gozag
Okawaru
Pakellas
Qazlal
Ru
Sif Muna
Trog
Vehumet
Zin
The Shining One


Innate Abilities, Weirdness & Mutations

You are too large for most types of armour.
You have claws for hands.
Your metabolism is lightning-fast.
You like to eat raw meat.
You heal very quickly.
You are covered in fur (AC +1).
You have very tough skin (AC +2).


Message History

a dagger; a robe; an orc corpse You gain the combat prowess of a mighty hero.
You feel slightly more hungry. The orc warrior barely misses you.
The gnoll hits you from afar with a halberd!
* * * LOW HITPOINT WARNING * * *
You scratch the orc warrior but do no damage.
The orc warrior is heavily wounded.
The orc warrior closely misses you. The gnoll barely misses you.
You barely miss the orc warrior.
The orc warrior is heavily wounded.
The orc warrior hits you with a short sword.
* * * LOW HITPOINT WARNING * * *
You scratch the orc warrior.
The orc warrior is severely wounded.
The gnoll barely misses you. The orc warrior barely misses you.
You claw the orc warrior!
The orc warrior is almost dead.
The gnoll barely misses you.
The orc warrior hits you with a short sword!
You die...

##### ..... .##
### .... ..#
##8##..# ....
#..#...##.....
#.......#.....
#.#)).........
#.og###.......
#@##.).##o...#
##8###).8....$
.#...)......
.#..a.......
...#.#..........
..$....<........
##.............#
#............##
##...........#


You could see an orc warrior and a gnoll.

Vanquished Creatures
  Duvessa (D:4)
  An ice beast (D:7)
  A sky beast (D:5)
  A phantom (D:5)
  3 ogres
  A centaur (D:6)
  Dowan (D:4)
  4 scorpions
  3 wights (D:6)
  A crimson imp (D:6)
  A giant frog zombie (D:6)
  A jelly (D:5)
  A hound (D:3)
  An orc priest (D:6)
  2 orc wizards
  2 iguanas (D:4)
  Natasha (twice) (D:3)
  3 worker ants
  3 big kobold zombies (Ossuary)
  5 mummies (Ossuary)
  A howler monkey skeleton (D:6)
  5 adders
  3 gnolls (D:7)
  A shadow imp (D:6)
  2 oozes
  3 worms
  3 dart slugs
  6 giant geckos
  17 orcs
  8 giant cockroaches
  9 goblins
  8 hobgoblins
  11 jackals
  4 quokkas
  3 ball pythons
  9 bats
  A giant gecko skeleton (D:4)
  5 giant newts
  A hobgoblin zombie (Ossuary)
  6 kobolds
  7 rats
151 creatures vanquished.

Vanquished Creatures (others)
  A hobgoblin zombie (Ossuary)
1 creature vanquished.

Grand Total: 152 creatures vanquished

Notes
Turn   | Place    | Note
--------------------------------------------------------------
     0 | D:1      | varam the Troll Monk began the quest for the Orb.
     0 | D:1      | Reached XP level 1. HP: 22/22 MP: 0/0
    84 | D:2      | Reached XP level 2. HP: 16/29 MP: 1/1
   359 | D:2      | Found a radiant altar of Vehumet.
   448 | D:2      | Reached skill level 5 in Unarmed Combat
   449 | D:2      | Reached XP level 3. HP: 35/36 MP: 2/2
   973 | D:3      | Noticed Natasha
   980 | D:3      | Killed Natasha
   980 | D:3      | Reached XP level 4. HP: 44/44 MP: 3/3
  1135 | D:3      | Reached skill level 6 in Unarmed Combat
  1232 | D:3      | Reached XP level 5. HP: 44/50 MP: 4/4
  1350 | D:3      | Noticed Natasha
  1355 | D:3      | Killed Natasha
  1905 | D:4      | Noticed Dowan
  1908 | D:4      | Noticed Duvessa
  1923 | D:5      | Entered Level 5 of the Dungeon
  1924 | D:5      | Reached skill level 7 in Unarmed Combat
  2001 | D:5      | Found a staircase to the Ecumenical Temple.
  2006 | Temple   | Entered the Ecumenical Temple
  2021 | Temple   | Became a worshipper of Warmaster Okawaru
  2021 | Temple   | Reached * piety under Okawaru
  2021 | Temple   | Reached ** piety under Okawaru
  2107 | D:4      | Killed Duvessa
  2107 | D:4      | Reached XP level 6. HP: 49/59 MP: 2/5
  2109 | D:4      | Killed Dowan
  2207 | D:4      | Reached skill level 8 in Unarmed Combat
  2401 | D:4      | Got an ichor-stained cloak
  2407 | D:4      | Identified the cursed +0 cloak of Guys {rN++ MP+9 Int-4 Stlth+} (You found it on level 4 of the Dungeon)
  2929 | D:1      | Reached XP level 7. HP: 66/66 MP: 6/6
  3996 | D:4      | Found a glowing golden altar of the Shining One.
  4304 | D:5      | Got a twisted falchion
  4305 | D:5      | Identified the cursed +0 falchion of Totzan {pain, +Fly rElec} (You found it on level 5 of the Dungeon)
  4394 | D:5      | Reached *** piety under Okawaru
  4472 | D:5      | Found a glowing silver altar of Zin.
  4599 | D:5      | Reached XP level 8. HP: 59/78 MP: 7/7
  4944 | D:6      | Reached skill level 5 in Dodging
  5014 | D:6      | Found a bloodstained altar of Trog.
  5116 | D:6      | Reached skill level 5 in Fighting
  5539 | D:7      | Found a sand-covered staircase.
  5548 | Ossuary  | Entered an ossuary
  5851 | D:7      | Slain by an orc warrior

Skill      XL: |  1  2  3  4  5  6  7  8 |
---------------+-------------------------+-----
Unarmed Combat | 5 6 7 8 |  8.0
Dodging        | 4 6 |  6.0
Fighting       | 4 5 |  5.8
Stealth        | |  1.1

Action                   |  1- 3 |  4- 6 |  7- 9 || total
-------------------------+-------+-------+-------++-------
Melee: Unarmed           |    93 |   121 |   163 ||   377
       Punch             |       |     4 |     8 ||    12
       Dagger            |       |    32 |       ||    32
Invok: Heroism           |       |     1 |     4 ||     5
  Use: Scroll            |       |       |     2 ||     2
 Stab: Sleeping          |     1 |     4 |     8 ||    13
  Eat: Chunk             |    14 |    17 |    23 ||    54
Armor: Robe              |    29 |    48 |    37 ||   114
Dodge: Dodged            |    55 |    64 |    92 ||   211
